 Dungeon Crawl Stone Soup version 0.28-a0-845-gfc338a8 (webtiles) character file.

Game seed: 11731710439388988024

3982 2tousent the Cleaver (level 10, -2/91 HPs)
             Began as a Hill Orc Monk on Nov 12, 2021.
             Was a Priest of Beogh.
             Slain by an orc warrior (4 damage)
             ... while petrified by Jorgrun
             ... on level 1 of the Orcish Mines.
             The game lasted 00:18:51 (10157 turns).

2tousent the Cleaver (Hill Orc Monk)               Turns: 10157, Time: 00:18:51

Health: -2/91      AC: 13    Str: 17    XL:     10   Next: 22%
Magic:  10/10      EV:  2    Int: 10    God:    Beogh [***...]
Gold:   590        SH:  0    Dex: 20    Spells: 9/9 levels left

rFire   . . .      SeeInvis +   e - +3 hand axe (flame)
rCold   . . .      Faith    .   p - +2 kite shield {reflect}
rNeg    + + +      Spirit   .   h - +1 chain mail
rPois   ∞          Reflect  +   o - +2 helmet
rElec   .          Harm     .   (no cloak)
rCorr   .          Rampage  .   (no gloves)
Will    .....                   s - +0 pair of boots
Stlth   ..........              (no amulet)
HPRegen 0.25/turn               f - ring of see invisible
MPRegen 0.12/turn               l - +6 ring of dexterity

@: petrified, hasted
A: no striking features
a: Renounce Religion, Smiting


You were on level 1 of the Orcish Mines.
You worshipped Beogh.
Beogh was most pleased with you.
You visited 2 branches of the dungeon, and saw 11 of its levels.

You collected 590 gold pieces.

Inventory:

Hand Weapons
 a - a +0 hand axe
 e - a +3 hand axe of flaming (weapon)
Armour
 b - a +0 robe
 h - a +1 chain mail (worn)
 k - a +0 helmet
 o - a +2 helmet (worn)
 p - a +2 kite shield of reflection (worn)
 s - a +0 pair of boots (worn)
Jewellery
 f - a ring of see invisible (left hand)
 l - a +6 ring of dexterity (right hand)
 r - a +6 ring of intelligence
Wands
 v - a wand of paralysis (13)
 x - a wand of flame (18)
 y - a wand of polymorph (8)
Scrolls
 i - 3 scrolls of magic mapping
 n - 2 scrolls of teleportation
 t - a scroll of amnesia
 z - a scroll of enchant armour
 C - a scroll of fog
 F - a scroll of fear
Potions
 c - a potion of invisibility
 d - 2 potions of flight
 g - a potion of heal wounds
 j - 2 potions of mutation
 q - 4 potions of curing
 u - 2 potions of brilliance {unknown}
 w - a potion of magic {unknown}
 A - a potion of berserk rage {unknown}
 D - a potion of degeneration {unknown}
 G - a potion of attraction {unknown}


   Skills:
 + Level 9.5 Fighting
 * Level 13.8 Axes
 - Level 2.4 Dodging
 - Level 1.5 Stealth
 + Level 6.9 Shields
 + Level 2.5 Evocations


You had 9 spell levels left.
You didn't know any spells.
Your spell library was empty.

Dungeon Overview and Level Annotations

Branches:
Dungeon (10/15)            Temple (0/1) D:6             Orc (1/2) D:10
   Lair: D:8-11

Altars:
Kikubaaqudgha
Makhleb

Annotations:
D:8 Gastronok
Orc:1 Jorgrun


Message History

The orc warrior hits your orc warrior with a +2 battleaxe of draining!
Your orc warrior dies!
Your limbs are stiffening.
Unknown command.
You feel much better.
Jorgrun points at you and mumbles some strange words.
Your limbs have turned to stone.
You block the orc's attack.
You have turned to stone.
Jorgrun hits you with a staff of earth! The orc warrior barely misses you.
The orc hits you but does no damage. Jorgrun hits you with a staff of earth!
The orc warrior barely misses you.
The orc wizard hits you but does no damage.
The orc hits you but does no damage. x2
Jorgrun hits you but does no damage. The orc warrior barely misses you.
The orc hits you with a +0 club.
The orc wizard hits you with a +0 dagger.
The orc hits you but does no damage.
Jorgrun points at you and mumbles some strange words.
The orc warrior hits you with a +2 battleaxe of draining.
The orc wizard casts a spell at you.
The puff of flame hits you but does no damage.
The orc hits you but does no damage. x2
Jorgrun hits you with a staff of earth! Jorgrun shatters you!!
* * * LOW HITPOINT WARNING * * *
The orc warrior barely misses you.
The orc wizard hits you but does no damage.
The orc hits you but does no damage. The orc hits you with a +0 dagger.
* * * LOW HITPOINT WARNING * * *
Jorgrun hits you but does no damage. Jorgrun shatters you.
* * * LOW HITPOINT WARNING * * *
The orc warrior hits you but does no damage.
The orc hits you but does no damage.
The orc wizard hits you but does no damage.
The orc hits you but does no damage. Jorgrun casts a spell at you.
The iron shot hits you!!!
* * * LOW HITPOINT WARNING * * *
The orc warrior hits you with a +2 battleaxe of draining!
You die...
Beogh appreciates the orc warrior's killing of a heretic priest.

#.........$..#..
##.............#..
#....))........#...
#....$.)........#..
#....><.)......#.#
#..$...)......#...#
##.............#...
#..........oo......
##.........@g).....
#.........oo......
.........#..#.....
#........#........$
.#.#### ...).....
#. ..........
#....... .
##.......


You could see Jorgrun, an orc warrior, an orc wizard (invisible) and 2 orcs.

Vanquished Creatures
  Pikel (D:9)
  Joseph (D:10)
  A gargoyle (D:10)
  A kobold demonologist (D:6)
  A wyvern (D:7)
  3 water moccasins
  2 orc warriors
  2 sky beasts
  A hornet zombie (D:8)
  4 centaurs
  A phantom (D:7)
  A kobold brigand (D:9)
  3 lemures (D:9)
  A bullfrog (D:7)
  A wyvern zombie (D:5)
  2 howler monkeys
  A bullfrog zombie (D:5)
  3 orc priests
  A gnoll shaman (D:9)
  2 jellies
  A bullfrog skeleton (D:3)
  A hound (D:5)
  Jessica (D:2)
  An iguana (D:5)
  2 orc wizards
  4 howler monkey zombies
  5 adders
  4 gnolls (D:9)
  A howler monkey skeleton (D:7)
  A shadow imp (D:6)
  6 dart slugs
  14 orcs
  4 bats
  A bat zombie (D:3)
  10 endoplasms
  4 giant cockroaches (D:1)
  14 goblins
  6 hobgoblins
  4 jackals (D:2)
  11 kobolds
  5 quokkas
  4 ball pythons
  2 frilled lizards
  A jackal skeleton (D:4)
  6 rats
  A rat zombie (D:3)
147 creatures vanquished.

Vanquished Creatures (collateral kills)
  A two-headed ogre (D:9)
  A centaur (D:6)
  A wyvern zombie (D:6)
  An iguana (D:6)
  3 orc wizards
  An orc (D:7)
8 creatures vanquished.

Vanquished Creatures (others)
  4 orc wizards
  3 orc warriors (Orc:1)
  13 orcs
  An endoplasm (D:3)
  A giant cockroach (D:3)
  A hobgoblin (D:3)
23 creatures vanquished.

Grand Total: 178 creatures vanquished

Notes
Turn   | Place    | Note
-------+----------+-------------------------------------------
     0 | D:1      | 2tousent the Hill Orc Monk began the quest for the Orb.
     0 | D:1      | Reached XP level 1. HP: 19/19 MP: 1/1
    49 | D:1      | Reached XP level 2. HP: 21/27 MP: 2/2
   192 | D:1      | Found a faded altar of an unknown god.
   739 | D:1      | Reached skill level 5 in Axes
   841 | D:1      | Reached XP level 3. HP: 30/33 MP: 3/3
  1548 | D:2      | Noticed Jessica
  1557 | D:2      | Killed Jessica
  1558 | D:2      | Reached XP level 4. HP: 10/41 MP: 4/4
  1948 | D:2      | Reached skill level 6 in Axes
  2165 | D:2      | Found a burning altar of Makhleb.
  3149 | D:3      | Became a worshipper of Beogh the Brigand
  3149 | D:3      | Reached * piety under Beogh
  3149 | D:3      | Reached ** piety under Beogh
  3163 | D:3      | Reached XP level 5. HP: 34/47 MP: 5/5
  3266 | D:3      | Reached skill level 5 in Fighting
  3283 | D:3      | Reached skill level 7 in Axes
  3725 | D:3      | Reached XP level 6. HP: 56/56 MP: 6/6
  3977 | D:3      | Found an ancient bone altar of Kikubaaqudgha.
  4707 | D:4      | Reached *** piety under Beogh
  5093 | D:4      | Identified a scroll of acquirement
  5093 | D:4      | Acquired a +2 kite shield of reflection
  5100 | D:5      | Entered Level 5 of the Dungeon
  5152 | D:5      | Reached skill level 8 in Axes
  5152 | D:5      | Reached skill level 1 in Shields
  5321 | D:5      | Noticed a sky beast
  5329 | D:5      | Killed a sky beast
  5330 | D:5      | Reached XP level 7. HP: 62/62 MP: 7/7
  5817 | D:5      | Reached skill level 9 in Axes
  6197 | D:6      | HP: 3/64 [poisoned by a water moccasin]
  6709 | D:6      | Found a staircase to the Ecumenical Temple.
  6720 | D:6      | Reached XP level 8. HP: 41/71 MP: 8/8
  6739 | D:6      | Reached skill level 10 in Axes
  7146 | D:6      | Noticed a kobold demonologist
  7152 | D:6      | Noticed a soul eater
  7154 | D:6      | Killed a kobold demonologist
  7508 | D:7      | Reached skill level 11 in Axes
  8022 | D:8      | Noticed Gastronok
  8033 | D:8      | Reached XP level 9. HP: 40/81 MP: 9/9
  8034 | D:8      | Noticed a two-headed ogre
  8387 | D:8      | Reached skill level 5 in Shields
  8536 | D:7      | Reached skill level 12 in Axes
  9222 | D:9      | Killed a two-headed ogre
  9496 | D:9      | Noticed Pikel
  9504 | D:9      | Reached skill level 13 in Axes
  9515 | D:9      | Killed Pikel
  9516 | D:9      | Reached skill level 1 in Evocations
  9516 | D:9      | Reached XP level 10. HP: 87/91 MP: 10/10
  9858 | D:10     | Entered Level 10 of the Dungeon
  9863 | D:10     | Noticed Joseph
  9875 | D:10     | Killed Joseph
 10094 | D:10     | Found a staircase to the Orcish Mines.
 10094 | D:10     | Noticed a gargoyle
 10095 | D:10     | Killed a gargoyle
 10099 | Orc:1    | Entered Level 1 of the Orcish Mines
 10133 | Orc:1    | Noticed Jorgrun
 10157 | Orc:1    | HP: 2/91 [Jorgrun/iron shot (18)]
 10157 | Orc:1    | Slain by an orc warrior

Illustrated notes

Levels and vault maps discovered:
D:1:      erik_arrival_triangle_small, layout_basic,
          ebering_ecumenical_altar_rust, minmay_pentomino_w2
D:2:      minmay_skewed_foursquare, layout_loops_ring, basic_altar,
          minmay_misc_feat_alley, uniq_jessica
D:3:      cheibrodos_helix_gallery, layout_loops_ring,
          lemuel_zombie_altar_kikubaaqudgha
D:4:      layout_loops_cross, minmay_crystal_water, minivault_26,
          minmay_stone_trees_medium
D:5:      layout_basic, nrook_mini_vaults, abandoned_shop
D:6:      layout_loops_ring, minmay_temple_entry_sparse_star
D:7:      layout_cave_pools, minmay_misc_feat_ornament
D:8:      layout_rooms, serial_aquarium, aquarium_bridge_square
          [aquarium_subvault_bridge, aquarium_subvault_bridge,
          aquarium_subvault_wall, aquarium_subvault_bridge],
          aquarium_bridge_square [aquarium_subvault_bridge,
          aquarium_subvault_bridge, aquarium_subvault_bridge,
          aquarium_subvault_wall], aquarium_window_corridor_3,
          aquarium_window_corner, aquarium_window_double,
          aquarium_window_corner, aquarium_view_2f, aquarium_view_2d,
          aquarium_balcony_3a, nicolae_shop_firing_range, uniq_gastronok
D:9:      layout_loops_ring, uniq_pikel
D:10:     layout_grid_maze, david_orc_3, uniq_joseph
Orc:1:    cheibrodos_orc_guarddog, layout_caves, gammafunk_ghost_stat_death,
          serial_shops, nicolae_shop_waterfront, nicolae_shop_waterfront,
          nicolae_shop_statue_plus, guppyfry_library_mini, uniq_jorgrun

Skill      XL: |  1  2  3  4  5  6  7  8  9 10 |
---------------+-------------------------------+-----
Fighting       | 4 5 6 7 9 |  9.5
Axes           | 5 6 7 8 9 11 13 | 13.8
Shields        | 1 3 4 6 |  6.9
Evocations     | 1 2 |  2.5
Dodging        | |  2.4
Stealth        | |  1.5

Action                   |  1- 3 |  4- 6 |  7- 9 | 10-12 || total
-------------------------+-------+-------+-------+-------++-------
Melee: Hand axe          |    99 |   202 |   223 |    34 ||   558
Invok: Convert to Beogh  |       |     1 |       |       ||     1
Evoke: Wand              |       |       |     4 |       ||     4
  Use: Scroll            |     5 |     5 |     4 |     5 ||    19
       Potion            |       |       |       |     2 ||     2
 Stab: Sleeping          |     3 |       |       |       ||     3
       Distracted        |       |       |     5 |       ||     5
       Confused          |       |       |     1 |       ||     1
       Paralysed         |       |       |     2 |       ||     2
Armor: Robe              |    14 |       |       |       ||    14
       Chain mail        |    42 |   107 |    97 |    32 ||   278
Dodge: Dodged            |    47 |    57 |    23 |     8 ||   135
Block: Kite shield       |       |    15 |   112 |    24 ||   151
       Reflection        |       |     3 |    12 |     8 ||    23

Table legend: (Time is in decaauts)
 A = Elapsed time spent in this place.
 B = Non-inter-level travel time spent in this place.
 C = Inter-level travel time spent in this place.
 D = Time resting spent in this place.
 E = Time spent auto-exploring this place.
 F = Levels seen in this place.
 G = Mean time per level.
                   A        B        C        D        E       F      G
               +--------+--------+--------+--------+--------+-----+--------+
         Total |  10146 |   9690 |    456 |    457 |   7921 |  11 |  922.4 |
       Dungeon |  10093 |   9637 |    456 |    434 |   7921 |  10 | 1009.3 |
  Orcish Mines |     53 |     53 |      0 |     23 |      0 |   1 |   53.0 |
               +--------+--------+--------+--------+--------+-----+--------+

Top non-repeatable levels by time:
     D:2: 1673 daAuts
     D:1: 1478 daAuts
     D:6: 1261 daAuts
     D:9: 1202 daAuts
     D:5: 1067 daAuts
     D:7: 983 daAuts
     D:3: 978 daAuts
     D:4: 967 daAuts
     D:8: 277 daAuts
    D:10: 203 daAuts
   Orc:1: 53 daAuts
